 Dungeon Crawl Stone Soup version 0.20-b1 (webtiles) character file.

2787 Inarius the Carver (level 9, -3/78 HPs)
             Began as a Minotaur Fighter on May 18, 2017.
             Slain by a yak (10 damage)
             ... on level 9 of the Dungeon.
             The game lasted 00:12:49 (5177 turns).

Inarius the Carver (Minotaur Fighter)               Turns: 5177, Time: 00:12:49

Health: -3/78      AC: 12    Str: 27    XL:     9   Next: 43%
Magic:  8/8        EV:  7    Int:  5    God:
Gold:   177        SH: 11    Dex: 12    Spells: 8/8 levels left

rFire    . . .     SeeInvis .   a - +1 long sword
rCold    . . .     Gourm    .   c - +0 shield
rNeg     . . .     Faith    .   w - +0 plate armour
rPois    .         Spirit   .   (helmet restricted)
rElec    .         Reflect  .   (no cloak)
rCorr    .         Harm     .   n - +1 pair of gloves
MR       ++...                  x - +0 pair of boots
Stlth    ..........             (no amulet)
Regen    0.3/turn               j - ring of protection from magic
MPRegen  0.2/turn               z - ring of protection from magic

@: mighty
A: retaliatory headbutt, horns 2, blurry vision 1, deformed body, screaming 1,
subdued magic 1, MP-powered wands
a: no special abilities


You were on level 9 of the Dungeon.
You were not hungry.

You visited 1 branch of the dungeon, and saw 7 of its levels.
You also visited: Sewer.

You collected 315 gold pieces.
You spent 138 gold pieces at shops.

Inventory:

Hand Weapons
 a - a +1 long sword (weapon)
Armour
 c - a +0 shield (worn)
 n - a +1 pair of gloves (worn)
 w - a +0 plate armour (worn)
 x - a +0 pair of boots (worn)
Jewellery
 j - a ring of protection from magic (left hand)
 t - an uncursed ring of see invisible {unknown}
 z - a ring of protection from magic (right hand)
Wands
 m - a wand of confusion (48/48)
 s - a wand of polymorph (5/24)
 C - a wand of polymorph (4/24)
 G - a wand of random effects (39/48)
Scrolls
 b - a scroll of identify
 g - 2 scrolls of enchant armour
 i - 6 scrolls of remove curse
 l - 6 scrolls of teleportation
 o - 2 scrolls of enchant weapon
 y - 2 scrolls of amnesia
Potions
 e - a potion of haste
 q - a potion of agility
 u - 2 potions of flight
 v - 4 potions of curing
 B - 4 potions of heal wounds
Books
 E - a book of Necromancy

   Spells                             Type                      Level
   a - Pain                           Necromancy                   1
   b - Animate Skeleton               Necromancy                   1
   c - Vampiric Draining              Necromancy                   3
   d - Regeneration                   Charms/Necromancy            3
   e - Animate Dead                   Necromancy                   4
   f - Control Undead                 Necromancy                   4
Comestibles
 f - 3 bread rations
 h - 5 meat rations
 k - 2 fruits
 p - a chunk of flesh
 r - 2 royal jellies


   Skills:
 + Level 6.8 Fighting
 + Level 10.0 Long Blades
 + Level 8.4 Armour
 + Level 2.5 Dodging
 - Level 0.1 Stealth
 + Level 7.7 Shields


You had 8 spell levels left.
You didn't know any spells.

Dungeon Overview and Level Annotations

Branches:
Dungeon (6/15)             Temple (0/1) D:6

Altars:
Ashenzari
Elyvilon
Nemelex Xobeh
The Shining One

Shops:
D:6 *


Innate Abilities, Weirdness & Mutations

You reflexively headbutt those who attack you in melee.
You have a pair of horns on your head.
Scrolls take you a little longer to read.
Armour fits poorly on your strangely shaped body.
You occasionally shout uncontrollably at your foes.
Your spells are a little easier to cast, but a little less powerful.
You expend magic power (3 MP) to strengthen your wands.


Message History

You feel stronger.
You barely miss the death yak. You block the death yak's attack.
You slash the death yak! You headbutt the death yak!!
The death yak is heavily wounded.
The death yak gores you.
* * * LOW HITPOINT WARNING * * *
You slash the death yak!
The death yak is severely wounded.
The death yak gores you but does no damage.
You hit the death yak. You headbutt the death yak!
The death yak is almost dead.
The death yak gores you but does no damage.
You hit the death yak.
You kill the death yak!
Your Long Blades skill increases to level 10!
Your Armour skill increases to level 8!
You hit the yak. You headbutt the yak!
The yak is moderately wounded.
The yak gores you!
You die...

#.# ..... #.# ...# #.#
##..# #.# #s.# #.#
##5## #.# #YY#
####'#### #Y##
........### #Y#
........'.######@######
........#.#...........#
........#.'...........#
........###...........#
........# #...........#
........# #############
#########


You could see a death yak, 3 yaks, a scorpion and a crimson imp.

Vanquished Creatures
  2 death yaks (D:9)
  A sky beast (D:5)
  3 ice beasts
  An ogre (D:4)
  3 centaurs
  A big kobold (Sewer)
  A bullfrog (D:9)
  3 howler monkeys
  A crimson imp (D:6)
  2 hounds
  A centaur skeleton (D:6)
  3 orc priests
  An iguana (D:6)
  3 orc wizards
  A worker ant (D:6)
  A howler monkey skeleton (D:5)
  12 adders
  3 river rats
  2 worms
  3 dart slugs
  4 leopard geckos
  19 orcs
  10 bats
  8 giant cockroaches
  13 goblins
  5 hobgoblins
  11 jackals
  A quokka (D:2)
  3 ball pythons
  5 frilled lizards
  A jackal skeleton (D:6)
  11 kobolds
  12 rats
151 creatures vanquished.

Vanquished Creatures (others)
  A quokka (D:3)
1 creature vanquished.

Grand Total: 152 creatures vanquished

Notes
Turn   | Place    | Note
-------+----------+-------------------------------------------
     0 | D:1      | Inarius the Minotaur Fighter began the quest for the Orb.
     0 | D:1      | Reached XP level 1. HP: 19/19 MP: 0/0
   126 | D:1      | Reached XP level 2. HP: 24/27 MP: 1/1
   321 | D:1      | Reached XP level 3. HP: 29/33 MP: 2/2
   824 | D:2      | Reached skill level 3 in Long Blades
  1016 | D:2      | Reached XP level 4. HP: 33/40 MP: 3/3
  1518 | D:3      | Found a glowing drain.
  1526 | D:3      | Reached skill level 1 in Dodging
  1527 | D:3      | Reached XP level 5. HP: 37/47 MP: 4/4
  1531 | D:3      | Reached skill level 4 in Long Blades
  1539 | D:3      | Reached skill level 5 in Armour
  1697 | Sewer    | Entered a sewer
  1778 | Sewer    | Reached XP level 6. HP: 52/53 MP: 5/5
  1804 | Sewer    | Found a white marble altar of Elyvilon.
  1962 | D:3      | Reached skill level 5 in Long Blades
  2139 | D:3      | Found a white marble altar of Elyvilon.
  2326 | D:3      | Reached skill level 5 in Fighting
  2774 | D:4      | Reached XP level 7. HP: 61/61 MP: 6/6
  3121 | D:5      | Entered Level 5 of the Dungeon
  3135 | D:5      | Reached skill level 5 in Shields
  3267 | D:5      | Found a shattered altar of Ashenzari.
  3423 | D:5      | Reached skill level 6 in Long Blades
  3625 | D:5      | Reached skill level 7 in Long Blades
  3629 | D:5      | Gained mutation: You expend magic power (3 MP) to strengthen your wands. [mutagenic meat]
  3630 | D:5      | Gained mutation: Scrolls take you a little longer to read. [mutagenic meat]
  3631 | D:5      | Gained mutation: Armour fits poorly on your strangely shaped body. [mutagenic meat]
  3632 | D:5      | Gained mutation: Your spells are a little easier to cast, but a little less powerful. [mutagenic meat]
  3633 | D:5      | Gained mutation: You occasionally shout uncontrollably at your foes. [mutagenic meat]
  3730 | D:5      | Reached XP level 8. HP: 62/69 MP: 7/7
  4496 | D:6      | Found a sparkling altar of Nemelex Xobeh.
  4557 | D:6      | Reached skill level 8 in Long Blades
  4767 | D:6      | Found Ditwiwne's Assorted Antiques.
  4785 | D:6      | Bought a scroll labeled BUAHUQ NOUCZUR for 23 gold pieces
  4785 | D:6      | Bought a blackened gilded ring for 115 gold pieces
  4800 | D:6      | Found a staircase to the Ecumenical Temple.
  5029 | D:6      | Found a glowing golden altar of the Shining One.
  5095 | D:6      | You fall through a shaft for 3 floors!
  5147 | D:9      | Noticed a death yak
  5148 | D:9      | Noticed a death yak
  5158 | D:9      | Noticed a death yak
  5171 | D:9      | Killed a death yak
  5171 | D:9      | Reached skill level 9 in Long Blades
  5171 | D:9      | Reached XP level 9. HP: 10/78 MP: 8/8
  5176 | D:9      | Killed a death yak
  5176 | D:9      | Reached skill level 10 in Long Blades
  5177 | D:9      | Slain by a yak

Skill      XL: |  1  2  3  4  5  6  7  8  9 |
---------------+----------------------------+-----
Armour         | 4 5 6 7 8 |  8.4
Fighting       | 4 5 6 |  6.8
Shields        | 4 5 7 |  7.7
Long Blades    | 3 4 5 7 9 10 | 10.0
Dodging        | 1 2 |  2.5
Stealth        | |  0.1

Action                   |  1- 3 |  4- 6 |  7- 9 || total
-------------------------+-------+-------+-------++-------
Melee: Long sword        |    74 |   143 |   195 ||   412
       Headbutt          |    11 |    29 |    39 ||    79
  Use: Scroll            |       |     7 |     6 ||    13
       Potion            |       |       |     7 ||     7
  Eat: Chunk             |       |     6 |    13 ||    19
Armor: Scale mail        |    49 |    32 |       ||    81
       Plate armour      |       |    13 |    98 ||   111
       Ring mail         |       |    12 |       ||    12
Dodge: Dodged            |    26 |    56 |    34 ||   116
Block: Shield            |    54 |    73 |    94 ||   221
       Rpst.: Long sword |    11 |    23 |    11 ||    45
